 Dungeon Crawl Stone Soup version 0.30.1-9-gdf580d7c3d (webtiles) character file.

Game seed: 18299145296491297733

101 Qrupt the Digger (level 4, -6/23 (27) HPs)
             Began as an Octopode Earth Elementalist on Oct 20, 2023.
             Killed from afar by Ijyb (13 damage)
             ... with an iceblast
             ... on level 3 of the Dungeon.
             The game lasted 00:06:58 (2368 turns).

Qrupt the Digger (Octopode Earth Elementalist)      Turns: 2368, Time: 00:06:59

HP:   -6/23 (27)    AC:  1    Str:  7    XL:     4   Next: 75%
MP:   6/7           EV: 13    Int: 19    God:
Gold: 118           SH:  0    Dex: 12    Spells: 4/8 levels left

rFire   . . .        b - +0 dagger
rCold   . . .        (no shield)
rNeg    . . .        (helmet restricted)
rPois   .            l - amulet of the acrobat
rElec   .            e - ring of willpower
rCorr   .            d - ring of wizardry
SInv    .            (no ring)
Will    +....        (no ring)
Stlth   +++          (no ring)
HPRegen 0.23/turn    (no ring)
MPRegen 0.10/turn    (no ring)
                     (no ring)

%: acrobat, wizardry (x1)
@: hasted, heavily drained, very quick
A: almost no armour, amphibious, 8 rings, camouflage 1, gelatinous body 1,
(nimble swimmer 1), tentacles
a: no special abilities


You were on level 3 of the Dungeon.
You visited 1 branch of the dungeon, and saw 4 of its levels.

You collected 118 gold pieces.

Inventory:

Hand Weapons
 b - a +0 dagger (weapon)
Armour
 h - a +0 buckler
Jewellery
 d - a ring of wizardry (right tentacle)
 e - a ring of willpower (left tentacle)
 l - an amulet of the acrobat (around mantle)
Scrolls
 c - a scroll of teleportation {unknown}
 f - a scroll of butterflies {unknown}
 m - a scroll of identify {unknown}
 n - a scroll of brand weapon {unknown}
 o - a scroll of fear {unknown}
Potions
 a - a potion of magic
 g - a potion of brilliance {unknown}
 i - a potion of haste
 j - a potion of attraction {unknown}
 k - a potion of might {unknown}


   Skills:
 - Level 2.5 Dodging
 + Level 3.6 Stealth
 + Level 1.1 Shields
 + Level 2.5 Spellcasting
 + Level 1.5 Transmutations
 + Level 3.9 Earth Magic


You had 4 spell levels left.
You knew the following spells:

 Your Spells              Type           Power      Damage    Failure   Level
a - Sandblast             Erth           34%        2d9       1%          1
b - Stone Arrow           Conj/Erth      18%        3d8       9%          3

Your spell library contained the following spells:

 Spells                   Type           Power      Damage    Failure   Level
 Passwall                 Tmut/Erth      10%        N/A       3%          2
 Searing Ray              Conj           4%         2d4       10%         2
 Petrify                  Tmut/Erth      12%        N/A       21%         4
 Flame Wave               Conj/Fire      2%         2d4       52%         4
 Irradiate                Conj/Tmut      2%         3d12      75%         5
 Iskenderun's Battlesphe  Conj           2%         2d6       85%         5


Dungeon Overview and Level Annotations

Branches:
Dungeon (4/15)
 Temple: D:4-7

Altars:
Kikubaaqudgha

Annotations:
D:3 Ijyb, Sigmund


Innate Abilities, Weirdness & Mutations

You cannot wear most types of armour.
You are amphibious.
You can wear up to eight rings at the same time.
Your skin changes colour to match your surroundings (Stealth+).
Your rubbery body absorbs attacks. (AC +1, EV +1)
((You are camouflaged when in or above water. (Stealth+)))
You have tentacles for arms and can constrict up to eight enemies at once.


Message History

Found 16 gold pieces.
Found 2 poisoned darts.
Ijyb shouts!
The frilled lizard hisses angrily.
Ijyb closely misses you.
You barely miss Ijyb. Your grab misses Ijyb. Your squeeze misses Ijyb.
Ijyb hits you with a +1 dagger of draining.
You feel drained.
You closely miss Ijyb. Your grab misses Ijyb.
Ijyb hits you with a +1 dagger of draining.
You feel drained. The frilled lizard misses you.
You closely miss Ijyb. You grab Ijyb. You constrict Ijyb.
Ijyb completely misses you. The frilled lizard barely misses you.
You hit Ijyb but do no damage.
Ijyb is lightly wounded.
You constrict Ijyb, but do no damage.
Ijyb hits you with a +1 dagger of draining.
You feel drained.
The frilled lizard bites you but does no damage.
You barely miss the frilled lizard. You grab the frilled lizard.
You tentacle-slap the frilled lizard.
The frilled lizard is heavily wounded.
You constrict Ijyb, but do no damage. You constrict the frilled lizard.
You kill the frilled lizard!
Ijyb screams, "Level is mine!
All mine!"
Ijyb hits you with a +1 dagger of draining.
You feel drained.
* * * LOW HITPOINT WARNING * * *
It was a potion of haste.
You feel yourself speed up.
You constrict Ijyb. Ijyb barely misses you.
You release your grip on Ijyb.
Casting: Sandblast (safe; 1% risk of failure)
Confirm with . or Enter, or press ? or * to list all spells.
Aiming: Sandblast (safe; 1% risk of failure)
Press: ? - help, Shift-Dir - straight line, f - Ijyb
Aim: Ijyb, wielding a +1 dagger of draining, wearing a +2 leather armour of fire resistance and carrying a wand of iceblast (7) (lightly wounded, 77% to hit)
The blast of sand hits Ijyb.
Ijyb is lightly wounded.
Ijyb zaps a wand.
The mass of ice explodes!
The iceblast engulfs you!
Ouch! That really hurt!
You die...

#. .# #..# #. #.#
##.####..####. #..
.............. ###..
........#####. .$#.#
#.#####.###... #.#.###.#
#.....†. ######.#.#.#.#
##.###.## #......#..#..#
#..##... #..#@###.##
#.##... #g..##
##.###.##... .........#
#.......#.##
...###.##.#.#####..#.####
... #.# #.# #........ ##
#.# #.# #.##.#### .. #.#
# # #.##.# .# ..(
.###.##.# .# ## ........#


You could see Ijyb.

Vanquished Creatures
  Terence (D:3)
  2 adders (D:2)
  A dart slug (D:1)
  5 orcs
  8 ball pythons
  5 bats
  3 endoplasms
  2 giant cockroaches (D:1)
  3 goblins
  5 hobgoblins
  2 quokkas (D:1)
  3 frilled lizards
  3 kobolds
  3 rats (D:1)
46 creatures vanquished.

Notes
Turn   | Place    | Note
-------+----------+-------------------------------------------
     0 | D:1      | Qrupt the Octopode Earth Elementalist began the quest for
                  | the Orb.
     0 | D:1      | Reached XP level 1. HP: 11/11 MP: 3/3
   148 | D:1      | Reached XP level 2. HP: 17/17 MP: 5/5
   432 | D:1      | Found a faded altar of an unknown god.
   729 | D:1      | Reached XP level 3. HP: 21/21 MP: 6/6
   910 | D:1      | Learned a level 3 spell: Stone Arrow
  1015 | D:2      | Found an ancient bone altar of Kikubaaqudgha.
  1083 | D:2      | Identified the +1 helmet of Honesty {Will+}
  1816 | D:2      | HP: 1/21 [orc/+0 dagger (1)]
  1907 | D:2      | Reached XP level 4. HP: 20/27 MP: 4/7
  1999 | D:3      | Noticed Terence
  2039 | D:3      | Killed Terence
  2040 | D:3      | Reached skill level 1 in Shields
  2154 | D:3      | Noticed Sigmund
  2346 | D:3      | Got the Elucidation of the Fifth Circle
  2358 | D:3      | Noticed Ijyb
  2368 | D:3      | Killed from afar by Ijyb

Illustrated notes

Levels and vault maps discovered:
D:1:      lightli_arrival_statue_moat, layout_loops_cross,
          shapermc_ecumenical_altar_ellora, minmay_shallow_snake_nest
D:2:      layout_basic, basic_altar
D:3:      layout_loops_ring, uniq_ijyb, uniq_sigmund, uniq_terence
D:4:      layout_basic, minmay_temple_entry_arrows, uniq_eustachio

Skill      XL: |  1  2  3  4 |
---------------+-------------+-----
Stealth        | 3 |  3.6
Shields        | 1 |  1.1
Dodging        | |  2.5
Spellcasting   | |  2.5
Transmutations | |  1.5
Earth Magic    | |  3.9

Action                     |  1- 3 |  4- 6 || total
---------------------------+-------+-------++-------
  Melee: Unarmed           |    10 |       ||    10
         Dagger            |    64 |    21 ||    85
         Constrict         |    24 |     7 ||    31
         Tentacles         |    15 |     5 ||    20
         Punch             |     1 |     1 ||     2
   Cast: Sandblast         |     9 |     9 ||    18
    Use: Potion            |       |     4 ||     4
   Stab: Sleeping          |     7 |       ||     7
 Armour: Skin              |     9 |     2 ||    11
  Dodge: Dodged            |    41 |    34 ||    75
